 Seeded DCSS version 0.28-a0-1447-ga5a8893891 (webtiles) character file.

Game seed: 20220111 (custom seed)

1407 flotson the Chopper (level 8, -1/62 HPs)
             Began as a Demonspawn Gladiator on Jan 11, 2022.
             Slain by a killer bee (4 damage)
             ... on level 6 of the Dungeon.
             The game lasted 00:08:51 (6778 turns).

flotson the Chopper (Demonspawn Gladiator)          Turns: 6778, Time: 00:08:52

Health: -1/62      AC: 14    Str: 17    XL:     8   Next: 42%
Magic:  8/8        EV: 11    Int:  9    God:
Gold:   203        SH:  0    Dex: 15    Spells: 7/7 levels left

rFire   . . .      SeeInvis +   A - +1 dagger (venom)
rCold   . . .      Faith    .   n - orb {mayhem}
rNeg    + . .      Spirit   .   u - +0 storm dragon scales
rPois   .          Reflect  .   c - +0 helmet
rElec   +          Harm     .   (no cloak)
rCorr   .          Rampage  .   (no gloves)
Will    .....                   z - +0 pair of boots
Stlth   ..........              (no amulet)
HPRegen 0.20/turn               j - ring of positive energy
MPRegen 0.11/turn               y - ring of see invisible

@: brilliant, about to teleport
A: claws 1, repulsion field 1, powered by death 1
a: no special abilities


You were on level 6 of the Dungeon.
You visited 1 branch of the dungeon, and saw 6 of its levels.
You also visited: Sewer.

You collected 203 gold pieces.

Inventory:

Hand Weapons
 a - a +0 war axe
 b - a +0 trident
 q - a +0 dagger of draining
 A - a +1 dagger of venom (weapon)
Missiles
 d - a throwing net (quivered)
 r - 37 poisoned darts
Armour
 c - a +0 helmet (worn)
 n - an orb of mayhem (worn)
 u - +0 storm dragon scales (worn)
 z - a +0 pair of boots (worn)
Jewellery
 j - a ring of positive energy (left claw)
 y - a ring of see invisible (right claw)
Wands
 v - a wand of acid (4)
Scrolls
 f - 7 scrolls of identify {unknown}
 g - a scroll of magic mapping {unknown}
 k - a scroll of fog {unknown}
 l - a scroll of fear {unknown}
 x - a scroll of enchant armour {unknown}
Potions
 e - 2 potions of cancellation {unknown}
 h - a potion of attraction {unknown}
 i - a potion of magic {unknown}
 m - a potion of ambrosia {unknown}
 s - 2 potions of flight


   Skills:
 + Level 5.0 Fighting
 + Level 5.0 Axes
 + Level 4.5 Throwing
 + Level 4.0 Armour
 + Level 5.0 Dodging


You had 7 spell levels left.
You didn't know any spells.
Your spell library contained the following spells:

 Spells                   Type           Power      Damage    Failure   Level
 Animate Skeleton         Necr           0%         N/A       99%         1
 Pain                     Necr           0%         1d4       99%         1
 Corpse Rot               Necr/Air       0%         N/A       100%        2
 Poisonous Vapours        Pois/Air       0%         N/A       100%        2
 Frozen Ramparts          Ice            0%         1d2       100%        3
 Vampiric Draining        Necr           0%         2d6       100%        3
 Airstrike                Air            0%         N/A       100%        4
 Ice Form                 Ice/Tmut       0%         N/A       100%        4
 Summon Ice Beast         Ice/Summ       0%         N/A       100%        4
 Summon Lightning Spire   Summ/Air       0%         N/A       100%        4
 Lightning Bolt           Conj/Air       0%         1d11      100%        5


Dungeon Overview and Level Annotations

Branches:
Dungeon (6/15)              Sewer (visited)
 Temple: D:4-7

Altars:
Elyvilon
Sif Muna
Wu Jian

Shops:
D:3 :   D:6 ::

Annotations:
D:3 2 transporters, MadeInAbyssDelver's ghost, weakling HuDe


Innate Abilities, Weirdness & Mutations

You have sharp fingernails.
You are surrounded by a mild repulsion field. (EV +2)
You regenerate a little health from kills.


Message History

* * * LOW HITPOINT WARNING * * *
You feel very sick.
You start resting.
* * * LOW HITPOINT WARNING * * *
You feel sick.
You start resting.
You feel sick. x7
You are no longer poisoned.
You start resting.
A killer bee is nearby!
Throw: 3 throwing nets
Press: ? - help, Q - select action, (/) - cycle Shift-Dir - straight line, f - killer bee
Aim: a killer bee (36% to hit)
You throw a throwing net. The throwing net hits the killer bee.
The killer bee is caught in the net!
The killer bee struggles against the net. x2
The killer bee struggles against the net.
The net rips apart, and the killer bee comes free!
Throw: 2 throwing nets
Press: ? - help, Q - select action, (/) - cycle Shift-Dir - straight line, f/p - killer bee
Aim: a killer bee (36% to hit)
You throw a throwing net. The throwing net hits the killer bee.
The killer bee is caught in the net!
The killer bee struggles against the net.
The killer bee struggles against the net. x2
The net rips apart, and the killer bee comes free!
You hit the killer bee.
The killer bee is poisoned.
The killer bee is lightly wounded.
The killer bee stings you but does no damage.
As you read the scroll of teleportation, it crumbles to dust.
You feel strangely unstable.
The killer bee buzzes angrily.
You hear a shout!
The killer bee stings you.
* * * LOW HITPOINT WARNING * * *
The killer bee stings you.
* * * LOW HITPOINT WARNING * * *
It was a potion of brilliance.
You feel clever all of a sudden.
The killer bee buzzes angrily.
The killer bee stings you.
You die...

#####################.#
....y.y.@y...†........#
.###.∩#########......."..
#........ (..#........#
#.#...#.#####...####..?.
# #........ ....# #.#
#....y# .#.... #
#.....#...#.... #
#y....#.#.#....# #..
#........)#


You could see 3 killer bees.

Vanquished Creatures
  2 black bears (D:5)
  A necrophage (D:4)
  An ogre (D:5)
  2 kobold brigands (Sewer)
  Blork the orc (D:6)
  2 scorpions
  2 killer bees (D:6)
  2 centaur zombies (D:6)
  3 hounds
  2 orc priests
  A jelly (D:5)
  2 bullfrog skeletons (D:5)
  A centaur skeleton (D:5)
  A gnoll shaman (D:5)
  2 iguanas (D:5)
  2 orc wizards (D:5)
  2 gnolls (D:5)
  6 adders
  An ufetubus (D:4)
  2 adder skeletons
  A worm (D:4)
  2 dart slugs
  10 orcs
  10 endoplasms
  2 giant cockroaches
  5 goblins
  4 hobgoblins
  10 kobolds
  2 quokkas (D:1)
  6 ball pythons
  6 bats
  5 frilled lizards
  7 rats
108 creatures vanquished.

Vanquished Creatures (collateral kills)
  A gnoll (D:5)
  4 orcs
  A kobold (Sewer)
6 creatures vanquished.

Vanquished Creatures (others)
  An orc (D:5)
1 creature vanquished.

Grand Total: 115 creatures vanquished

Notes
Turn   | Place    | Note
-------+----------+-------------------------------------------
     0 | D:1      | flotson the Demonspawn Gladiator began the quest for the
                  | Orb.
     0 | D:1      | Reached XP level 1. HP: 16/16 MP: 1/1
   394 | D:1      | Gained mutation: You are surrounded by a mild repulsion
                  | field. (EV +2) [demonic ancestry]
   394 | D:1      | Reached XP level 2. HP: 22/22 MP: 2/2
   707 | D:1      | Found a faded altar of an unknown god.
  1148 | D:2      | Gained mutation: You regenerate a little health from kills.
                  | [demonic ancestry]
  1148 | D:2      | Reached XP level 3. HP: 26/28 MP: 3/3
  1164 | D:2      | Reached skill level 1 in Armour
  2403 | D:3      | Reached XP level 4. HP: 26/34 MP: 4/4
  2704 | D:3      | Found Yneniu's Book Shop.
  2823 | D:3      | HP: 1/34 [orc priest/divine providence (15)]
  3108 | D:3      | Found a transporter.
  3116 | D:3      | Found a transporter.
  3179 | D:3      | Noticed MadeInAbyssDelver's ghost (weakling HuDe)
  3299 | D:3      | Gained mutation: You have sharp fingernails. [demonic
                  | ancestry]
  3299 | D:3      | Reached XP level 5. HP: 36/40 MP: 5/5
  3511 | D:4      | Found a glowing drain.
  3556 | Sewer    | Entered a sewer
  3768 | Sewer    | Reached XP level 6. HP: 30/47 MP: 6/6
  4925 | D:5      | Entered Level 5 of the Dungeon
  5068 | D:5      | Reached XP level 7. HP: 39/53 MP: 7/7
  5466 | D:5      | Found an ornate altar of the Wu Jian Council.
  5647 | D:5      | Reached XP level 8. HP: 17/61 MP: 8/8
  6596 | D:6      | Found a shimmering blue altar of Sif Muna.
  6704 | D:6      | Found Qintael's Book Emporium.
  6712 | D:6      | Noticed Blork the orc
  6714 | D:6      | Found Hame's Book Boutique.
  6748 | D:6      | Killed Blork the orc
  6753 | D:6      | HP: 2/61 [killer bee (5)]
  6756 | D:6      | Reached skill level 5 in Fighting
  6756 | D:6      | Reached skill level 5 in Axes
  6756 | D:6      | Reached skill level 5 in Dodging
  6763 | D:6      | HP: 3/62 [poisoned by a killer bee]
  6777 | D:6      | HP: 3/62 [killer bee (1)]
  6778 | D:6      | Slain by a killer bee

Illustrated notes

Levels and vault maps discovered:
D:1:      dpeg_arrival_more_subterranean_lakeside_camping, layout_basic,
          dreamdust_ecumenical_altar_statues
D:2:      layout_basic
D:3:      layout_loops_cross, gammafunk_ghost_arena, serial_shops,
          nicolae_lakefront_shop, serial_glass, glass_columns_a,
          glass_columns_a, glass_columns_b, glass_columns_a, glass_columns_b,
          glass_columns_b, glass_columns_a, glass_columns_a,
          kennysheep_generic_room_8
D:4:      layout_basic, cheibrodos_sewer_entry_drain, roderic_lattice_a,
          bh_walls_and_bars
D:5:      layout_cave_pods, chequers_temple_overflow_statue_of_worship
D:6:      layout_basic, old_standard_altar, mainiacjoe_overflow_catwalk,
          lemuel_tele_altar, serial_shops, shop, shop, nicolae_lakefront_shop,
          nicolae_lakefront_shop, uniq_blork_the_orc

Skill      XL: |  1  2  3  4  5  6  7  8 |
---------------+-------------------------+-----
Throwing       | 2 3 4 |  4.5
Axes           | 3 4 5 |  5.0
Armour         | 1 2 3 4 |  4.0
Dodging        | 3 4 5 |  5.0
Fighting       | 3 4 5 |  5.0

Action                   |  1- 3 |  4- 6 |  7- 9 || total
-------------------------+-------+-------+-------++-------
Melee: War axe           |    80 |       |       ||    80
       Trident           |    28 |   123 |       ||   151
       Dagger            |       |    99 |   203 ||   302
Throw: Throwing net      |       |     4 |     3 ||     7
       Dart              |       |     2 |       ||     2
Evoke: Wand              |       |       |     5 ||     5
  Use: Potion            |       |       |     6 ||     6
       Scroll            |       |       |     2 ||     2
 Stab: Held in net/web   |       |     1 |       ||     1
       Distracted        |       |       |     1 ||     1
Armor: Ring mail         |    41 |    35 |       ||    76
       Leather armour    |     6 |       |       ||     6
       Storm dragon scal |       |    43 |   178 ||   221
Dodge: Dodged            |    82 |   129 |   170 ||   381

Table legend: (Time is in decaauts)
 A = Elapsed time spent in this place.
 B = Non-inter-level travel time spent in this place.
 C = Inter-level travel time spent in this place.
 D = Time resting spent in this place.
 E = Time spent auto-exploring this place.
 F = Levels seen in this place.
 G = Mean time per level.
                   A        B        C        D        E       F      G
               +--------+--------+--------+--------+--------+-----+--------+
         Total |   6928 |   6727 |    201 |    213 |   5242 |   7 |  989.7 |
       Dungeon |   6405 |   6204 |    201 |    199 |   4926 |   6 | 1067.5 |
         Sewer |    522 |    522 |      0 |     14 |    315 |   1 |  522.0 |
               +--------+--------+--------+--------+--------+-----+--------+

Top non-repeatable levels by time:
     D:5: 1615 daAuts
     D:2: 1235 daAuts
     D:3: 1174 daAuts
     D:1: 1082 daAuts
     D:4: 1062 daAuts
   Sewer: 522 daAuts
     D:6: 235 daAuts
